 Dungeon Crawl Stone Soup version 0.28-a0-46-g7b1be97da7 (webtiles) character file.

Game seed: 12878112068218829717

1373 robertstho the Ruffian (level 8, -2/118 HPs)
             Began as a Troll Berserker on July 29, 2021.
             Was an Elder of Trog.
             Slain by a vampire (5 damage)
             ... on level 5 of the Dungeon.
             The game lasted 00:06:01 (3885 turns).

robertstho the Ruffian (Troll Berserker)            Turns: 3885, Time: 00:06:01

Health: -2/118     AC:  6    Str: 26    XL:     8   Next: 39%
Magic:  7/7        EV: 10    Int:  5    God:    Trog [****..]
Gold:   315        SH:  0    Dex:  9    Spells: 7/7 levels left

rFire   . . .      SeeInvis .     - Unarmed
rCold   . . .      Faith    .   (no shield)
rNeg    . . .      Spirit   .   p - +2 robe {Will+}
rPois   .          Reflect  .   (helmet restricted)
rElec   .          Harm     .   (no cloak)
rCorr   .          Rampage  .   (gloves unavailable)
Will    +....                   (boots unavailable)
Stlth   ..........              (no amulet)
HPRegen 1.29/turn               i - ring of flight
MPRegen 0.10/turn               (no ring)

@: berserking, flying, very quick
A: large, unfitting armour, claws 3, regeneration 1, shaggy fur 1, tough skin 1
a: Renounce Religion, Berserk, Trog's Hand, Brothers in Arms


You were on level 5 of the Dungeon.
You worshipped Trog.
Trog was greatly pleased with you.
You visited 1 branch of the dungeon, and saw 5 of its levels.
You also visited: Ossuary.

You collected 490 gold pieces.
You spent 175 gold pieces at shops.

Inventory:

Missiles
 j - a throwing net (quivered)
Armour
 p - a +2 robe of willpower (worn)
Jewellery
 i - a ring of flight (left claw)
Wands
 m - a wand of paralysis (10)
 o - a wand of flame (22)
Scrolls
 e - 2 scrolls of summoning
 h - a scroll of fear
 k - 2 scrolls of enchant armour
 q - 2 scrolls of teleportation
 s - 2 scrolls of fog
 t - 2 scrolls of enchant weapon
Potions
 a - 3 potions of brilliance {unknown}
 b - 2 potions of mutation {unknown}
 c - 3 potions of heal wounds {unknown}
 d - a potion of invisibility {unknown}
 f - a potion of degeneration {unknown}
 g - a potion of ambrosia {unknown}
 l - 2 potions of curing {unknown}
 n - 2 potions of haste {unknown}
 r - a potion of might {unknown}


   Skills:
 * Level 4.6 Fighting
 * Level 3.3 Armour
 + Level 4.1 Dodging
 + Level 0.7 Stealth
 + Level 7.4 Unarmed Combat


You had 7 spell levels left.
You didn't know any spells.
Your spell library was empty.

Dungeon Overview and Level Annotations

Branches:
Dungeon (5/15)             Temple (0/1) D:4         Ossuary (visited)

Altars:
Ashenzari
Gozag
Qazlal
Sif Muna

Shops:
D:5 ?


Innate Abilities, Weirdness & Mutations

You are too large for most types of armour.
You have claws for hands.
Your natural rate of healing is unusually fast.
You are covered in fur. (AC +1)
You have tough skin. (AC +1)


Message History

The vampire is heavily damaged.
The vampire gestures wildly while chanting.
The vampire flickers and vanishes!
Deactivating autopickup; reactivate with Ctrl-A.
No target in view!
No target in view!
No target in view!
No target in view!
A red film seems to cover your vision as you go berserk!
You feel yourself moving faster!
You feel mighty! Something draws life force from you!
You closely miss something. Something hits you!
Something bites you but does no damage.
You miss something. You closely miss something. Your claw misses something.
Something hits you but does no damage. Something bites you but does no damage.
You miss something. You scratch something.
Something draws life force from you!!
You scratch something. Something hits you but does no damage.
Something bites you!
Something draws strength from your injuries!
You closely miss something. You closely miss something. Something hits you.
Something bites you!
Something draws strength from your injuries!
You claw something! You closely miss something. Something hits you.
Something bites you.
* * * LOW HITPOINT WARNING * * *
Something draws strength from your injuries!
You miss something. You barely miss something.
Something draws life force from you!!
* * * LOW HITPOINT WARNING * * *
You mangle something!! Something hits you!
* * * LOW HITPOINT WARNING * * *
Something bites you!
* * * LOW HITPOINT WARNING * * *
Something draws strength from your injuries!
You completely miss something. You scratch something.
Something hits you but does no damage. Something bites you.
You die...

#......######## #......#
##......# #.......#
#.......#########
#................
##.###...........
#########.# #...........
......{@..###...........
........................
..?.......#........)....
.........!#.............
###########.............
#.......).....
#....###)#...# #....
#.####. #... #.# .


There were no monsters in sight!

Vanquished Creatures
  Pikel (D:4)
  A sky beast (D:5)
  An ice beast (D:5)
  A necrophage (D:5)
  An ogre (D:5)
  2 orc priests
  Ijyb (D:4)
  Natasha (thrice) (D:2)
  7 orc wizards
  8 mummies (Ossuary)
  5 adders
  3 worms
  A dart slug (D:3)
  8 orcs
  8 ball pythons
  9 endoplasms
  3 giant cockroaches
  5 goblins
  5 hobgoblins
  4 jackals
  5 kobolds
  3 quokkas
  4 bats
  7 frilled lizards (D:3)
  A hobgoblin zombie (Ossuary)
  3 kobold zombies (Ossuary)
  5 orc zombies
  7 rats
112 creatures vanquished.

Vanquished Creatures (others)
  5 plants (D:3)
5 creatures vanquished.

Grand Total: 117 creatures vanquished

Notes
Turn   | Place    | Note
-------+----------+-------------------------------------------
     0 | D:1      | robertstho the Troll Berserker began the quest for the Orb.
     0 | D:1      | Reached XP level 1. HP: 22/22 MP: 0/0
    24 | D:1      | Reached XP level 2. HP: 21/29 MP: 1/1
   808 | D:2      | Noticed Natasha
   809 | D:2      | Killed Natasha
   810 | D:2      | Reached XP level 3. HP: 37/37 MP: 2/2
   928 | D:2      | Reached ** piety under Trog
   985 | D:2      | Found an opulent altar of Gozag.
  1032 | D:2      | Noticed Natasha
  1051 | D:2      | Killed Natasha
  1052 | D:2      | Reached XP level 4. HP: 41/45 MP: 3/3
  1137 | D:2      | Reached skill level 1 in Armour
  1211 | D:2      | Noticed Natasha
  1218 | D:2      | Killed Natasha
  1524 | D:2      | Reached skill level 4 in Unarmed Combat
  1582 | D:2      | Reached XP level 5. HP: 53/53 MP: 4/4
  1630 | D:3      | Found a broken altar of Ashenzari.
  1847 | D:3      | Found a faded altar of an unknown god.
  2225 | D:3      | Found a shimmering blue altar of Sif Muna.
  2399 | D:4      | Noticed Ijyb
  2418 | D:4      | Killed Ijyb
  2663 | D:4      | Reached *** piety under Trog
  2664 | D:4      | Reached XP level 6. HP: 43/61 MP: 5/5
  2792 | D:4      | Noticed Pikel
  2812 | D:4      | Killed Pikel
  2813 | D:4      | Reached skill level 6 in Unarmed Combat
  2813 | D:4      | Reached XP level 7. HP: 61/70 MP: 6/6
  2857 | D:4      | Found a staircase to the Ecumenical Temple.
  3302 | D:5      | Entered Level 5 of the Dungeon
  3402 | D:5      | Reached XP level 8. HP: 79/79 MP: 7/7
  3438 | D:5      | Found a stormy altar of Qazlal.
  3492 | D:5      | Found Baras's Magic Scroll Emporium.
  3500 | D:5      | Bought a scroll of fog for 26 gold pieces
  3500 | D:5      | Bought a scroll of teleportation for 39 gold pieces
  3500 | D:5      | Bought a scroll of enchant weapon for 97 gold pieces
  3500 | D:5      | Bought a scroll of noise for 13 gold pieces
  3531 | D:5      | Reached skill level 7 in Unarmed Combat
  3544 | D:5      | Found a sand-covered staircase.
  3557 | Ossuary  | Entered an ossuary
  3593 | Ossuary  | Reached **** piety under Trog
  3883 | D:5      | HP: 2/118 [something (9)]
  3885 | D:5      | Slain by a vampire

Illustrated notes

Levels and vault maps discovered:
D:1:      dpeg_arrival_arbitrary_c, layout_basic, corexii_leaking_fountain
D:2:      minmay_chambers_of_twos, layout_basic, basic_altar, uniq_natasha
D:3:      layout_basic, kennysheep_orc_sif_temple, nicolae_ashenzari_skybound,
          hellmonk_ecumenical_altar_run_dry, serial_rivers,
          chequers_serial_rivers_room_a, chequers_serial_rivers_large_b,
          chequers_serial_rivers_large_a, chequers_serial_rivers_marsh,
          minmay_lizard_king
D:4:      layout_cave_pods, temple_hall, uniq_ijyb, uniq_pikel
D:5:      layout_basic, kennysheep_little_box, enter_ossuary_3, serial_shops,
          nicolae_stop_n_shop_1

Skill      XL: |  1  2  3  4  5  6  7  8 |
---------------+-------------------------+-----
Fighting       | 3 4 |  4.6
Armour         | 1 2 3 |  3.3
Dodging        | 3 4 |  4.1
Unarmed Combat | 4 6 7 |  7.4
Stealth        | |  0.7

Action                   |  1- 3 |  4- 6 |  7- 9 || total
-------------------------+-------+-------+-------++-------
Melee: Unarmed           |    49 |   150 |   111 ||   310
       Punch             |       |       |     6 ||     6
Invok: Berserk           |       |     3 |     3 ||     6
  Use: Scroll            |       |     5 |     2 ||     7
 Stab: Sleeping          |       |       |     1 ||     1
Armor: Animal skin       |    10 |    45 |       ||    55
       Robe              |       |     4 |    29 ||    33
Dodge: Dodged            |    20 |    71 |    25 ||   116

Table legend: (Time is in decaauts)
 A = Elapsed time spent in this place.
 B = Non-inter-level travel time spent in this place.
 C = Inter-level travel time spent in this place.
 D = Time resting spent in this place.
 E = Time spent auto-exploring this place.
 F = Levels seen in this place.
 G = Mean time per level.
                   A        B        C        D        E       F      G
               +--------+--------+--------+--------+--------+-----+--------+
         Total |   3898 |   3794 |    104 |     39 |   2979 |   6 |  649.7 |
       Dungeon |   3642 |   3538 |    104 |     39 |   2815 |   5 |  728.4 |
       Ossuary |    255 |    255 |      0 |      0 |    164 |   1 |  255.0 |
               +--------+--------+--------+--------+--------+-----+--------+

Top non-repeatable levels by time:
     D:4: 935 daAuts
     D:2: 874 daAuts
     D:3: 776 daAuts
     D:1: 725 daAuts
     D:5: 331 daAuts
 Ossuary: 255 daAuts
